 Dungeon Crawl Stone Soup version 0.21-a0-135-g8dc100c (webtiles) character file.

91 eleusis2 the Covered (level 4, 0/32 HPs)
             Began as a Gnoll Wanderer on July 17, 2017.
             Succumbed to an adder's poison
             ... on level 3 of the Dungeon on July 18, 2017.
             The game lasted 00:20:23 (1952 turns).

eleusis2 the Covered (Gnoll Wanderer)               Turns: 1952, Time: 00:20:23

Health: 0/32       AC:  4    Str:  7    XL:     4   Next: 57%
Magic:  13/13      EV:  9    Int:  7    God:
Gold:   81         SH:  0    Dex:  7    Spells: 3/3 levels left

rFire    . . .     SeeInvis .   b - +0 hunting sling
rCold    . . .     Gourm    .   (no shield)
rNeg     . . .     Faith    .   c - +0 ring mail
rPois    .         Spirit   .   (helmet restricted)
rElec    +         Reflect  .   (no cloak)
rCorr    .         Harm     .   (no gloves)
MR       .....                  (no boots)
Stlth    +.........             (no amulet)
HPRegen  0.10/turn              n - ring of flight
MPRegen  0.13/turn              o - ring of magical power

@: lethally poisoned (0 -> -5)
A: unchanging attributes, fangs 1, hooves 1, horns 1, deformed body, electricity
resistance, strong nose
a: Evoke Flight


You were on level 3 of the Dungeon.
You were not hungry.

You visited 1 branch of the dungeon, and saw 3 of its levels.

You collected 81 gold pieces.

Inventory:

Hand Weapons
 a - a +3 mace
 b - a +0 hunting sling (weapon)
 d - a +0 dagger
Missiles
 l - 77 stones (quivered)
Armour
 c - a +0 ring mail (worn)
 e - a +0 chain mail
Jewellery
 i - an uncursed amulet of faith
 n - a ring of flight (left hand)
 o - a ring of magical power (right hand)
 r - an uncursed ring of fire
Scrolls
 g - a scroll of identify
 p - a scroll of remove curse
Comestibles
 f - 2 bread rations
 h - a meat ration
 q - a royal jelly


   Skills:
 - Level 1.3 Fighting
 + Level 6.1 Maces & Flails
 + Level 0.3 Slings
 - Level 6.6 Armour
 - Level 2.4 Stealth


You had 3 spell levels left.
You didn't know any spells.

Dungeon Overview and Level Annotations

Branches:
Dungeon (3/15)

Altars:
Ashenzari
Yredelemnul
Zin


Innate Abilities, Weirdness & Mutations

Your physical attributes are unchanging.
You have very sharp teeth.
Your uncanny sense of smell can sniff out nearby items.
You have large cloven feet.
You have a pair of small horns on your head.
Armour fits poorly on your strangely shaped body.
You are resistant to electric shocks. (rElec)


Message History

You shoot a stone. The stone closely misses the adder. x2
You feel less wooden.
Your +0 ring mail unmelds from your body.
The adder closely misses you. The adder bites you.
* * * LOW HITPOINT WARNING * * *
You are lethally poisoned!
The adder poisons you!
Firing (i - inventory):
l - 79 stones (quivered)
Press: ? - help, Shift-Dir - straight line, f/p - adder
Aim: an adder You shoot a stone.
The stone barely misses the adder. x2
* * * LOW HITPOINT WARNING * * *
You feel sick. The adder bites you.
* * * LOW HITPOINT WARNING * * *
Firing (i - inventory):
l - 78 stones (quivered)
Press: ? - help, Shift-Dir - straight line, f/p - adder
Aim: an adder You shoot a stone.
The stone hits the adder.
The adder is severely wounded.
You die...

#########
#.######
#...$...#
........
#.......# #
#.......
#.......# .#
#......
#.......####..##
......
#..(...(SS@)...#
...#
#.......####(..#
..######.#
#.......#
........$.....
#.......#
##.#######...
#####..## ∆ #
#<.. ##. #....
#. ∆ #.##. #.
#..#.. #..#..


You could see 2 adders.

Vanquished Creatures
  4 adders
  An ooze (D:2)
  A dart slug (D:1)
  2 leopard geckos
  An orc (D:3)
  7 bats
  2 giant cockroaches
  6 goblins
  5 hobgoblins
  3 jackals (D:3)
  A quokka (D:3)
  A ball python (D:3)
  A frilled lizard (D:1)
  2 gnoll zombies (D:2)
  2 kobolds
  4 rats
43 creatures vanquished.

Notes
Turn   | Place    | Note
-------+----------+-------------------------------------------
     0 | D:1      | eleusis2 the Gnoll Wanderer began the quest for the Orb.
     0 | D:1      | eleusis2 set off with: a +2 mace, a potion of lignification, a +0 ring mail, a +0 dagger, a bread ration
     0 | D:1      | Reached XP level 1. HP: 15/15 MP: 1/1
   138 | D:1      | Reached XP level 2. HP: 21/21 MP: 2/2
   528 | D:2      | Reached XP level 3. HP: 26/26 MP: 3/3
   903 | D:2      | Found a glowing silver altar of Zin.
  1070 | D:2      | Reached skill level 5 in Maces & Flails
  1128 | D:2      | Gained mutation: You have a pair of small horns on your head. [potion of mutation]
  1128 | D:2      | Gained mutation: Armour fits poorly on your strangely shaped body. [potion of mutation]
  1128 | D:2      | Gained mutation: You have large cloven feet. [potion of mutation]
  1128 | D:2      | Gained mutation: You are resistant to electric shocks. (rElec) [potion of mutation]
  1434 | D:2      | Reached XP level 4. HP: 32/32 MP: 4/4
  1605 | D:2      | Found a basalt altar of Yredelemnul.
  1852 | D:3      | Found a shattered altar of Ashenzari.
  1881 | D:3      | Found a faded altar of an unknown god.
  1951 | D:3      | HP: 1/32 [adder (3)]
  1952 | D:3      | Succumbed to an adder's poison

Vault maps used:
D:1:      eino_arrival_water_star
D:2:      lemuel_zombie_altar_yredelemnul, nicolae_overflow_hidden_temple,
          st_stairs_7
D:3:      marbit_many_paths, evilmike_ruin_ashenzari,
          chequers_ecumenical_altar_simple

Skill      XL: |  1  2  3  4 |
---------------+-------------+-----
Maces & Flails | 3 4 5 6 |  6.1
Fighting       | |  1.3
Slings         | |  0.3
Armour         | |  6.6
Stealth        | |  2.4

Action                   |  1- 3 |  4- 6 || total
-------------------------+-------+-------++-------
Melee: Mace              |    86 |    32 ||   118
       Bite              |     2 |     1 ||     3
       Kick              |     1 |       ||     1
 Fire: Hunting sling     |     5 |    37 ||    42
Throw: Stone             |    27 |     1 ||    28
  Use: Potion            |     4 |     1 ||     5
       Scroll            |       |     6 ||     6
  Eat: Chunk             |     2 |     1 ||     3
Armor: Ring mail         |    23 |    16 ||    39
       Skin              |     7 |    47 ||    54
Dodge: Dodged            |    40 |    28 ||    68
